AoeStats
← 瓦兰吉程咬金三板斧

Nomad

509854857Analyzed
4v4 RM · 5d ago on Sep 28, 2026· 31m 43s· 8 players
Game mode
Random Map
Map size
231×231
Population
200
Speed
Normal
Resources
Standard
Victory
Conquest
Starting age
Dark Age
Ending age
Imperial Age
RankedLock teamsTeams togetherTeam positionsShared explorationLock speedFull tech treeHidden civsTurbo modeCheats
Victory
Defeat
🇷🇺 Wu · Russia
1551
+12
🇷🇺 Aztecs · Russia
1539
+13
🇷🇺 Danes · Russia
1451
+16
🇻🇳 Hindustanis · Vietnam
1439
+18
1475
-15
🇹🇼 Japanese · Taiwan
1472
-15
🇹🇼 Bengalis · Taiwan
1471
-15
🇮🇳 Koreans · India
1443
-14
No_English
4:26 Loom
14:33 Feudal Age
20:58 Castle Age
19:19 Fletching
19:18 Double-Bit Axe
21:24 Gold Mining
22:47 Bodkin Arrow
master
5:59 Loom
12:54 Feudal Age
15:03 Double-Bit Axe
17:33 Town Watch
17:59 Fishing Lines
21:46 Castle Age
BilluBoss
4:58 Loom
13:19 Feudal Age
13:56 Double-Bit Axe
15:03 Fishing Lines
18:35 Castle Age
17:34 Forging
19:34 Medium Warships
20:13 Bow Saw
20:02 Gillnets
21:53 Stone Mining
22:15 Fletching
23:02 Iron Casting
23:31 Wheelbarrow
24:24 Fletching
25:44 Husbandry
25:41 Gold Mining
26:36 Bodkin Arrow
29:57 Thumb Ring
29:56 Heated Shot
30:27 Ballistics
瓦兰吉程咬金三板斧
5:32 Loom
12:58 Feudal Age
13:55 Town Watch
16:37 Castle Age
17:28 Fletching
17:54 Double-Bit Axe
19:53 Padded Archer Armor
JamesGoldAA
6:26 Loom
11:54 Feudal Age
13:41 Fletching
17:29 Town Watch
20:23 Castle Age
18:37 Padded Archer Armor
19:37 Double-Bit Axe
20:20 Gold Mining
20:31 Crossbowman
21:29 Bodkin Arrow
23:12 Bow Saw
DEXXTER
10:09 Loom
12:37 Feudal Age
15:08 Fletching
24:58 Castle Age
30:36 Double-Bit Axe
GELO163Rus
4:18 Loom
14:03 Feudal Age
15:14 Double-Bit Axe
20:17 Castle Age
19:02 Fletching
19:14 Scale Mail Armor
22:33 Bodkin Arrow
Legate
5:15 Loom
11:59 Loom
14:21 Feudal Age
18:05 Castle Age
16:21 Double-Bit Axe
17:02 Scale Mail Armor
18:29 Forging
18:50 Squires
19:06 Chain Mail Armor
19:25 Bow Saw
19:02 Arson
19:11 Fishing Lines
19:26 Gold Mining
20:15 Horse Collar
26:20 Wheelbarrow
25:31 Town Watch
29:34 Gold Shaft Mining
29:45 Iron Casting
30:15 Sanctity
30:49 Stone Mining
Connection lost

Rejoining the realm…

Still unreachable

The connection could not be restored.

Session expired

The server has moved on; the page needs a fresh start.